 Dungeon Crawl Stone Soup version 0.29-a0-393-g47a863cc1b (webtiles) character file.

Game seed: 13714474654162743405

772 omnomnOMINOUS the Conjurer (level 7, -2/49 HPs)
             Began as an Octopode Wanderer on May 10, 2022.
             Was a High Priest of Jiyva.
             Slain by a troll (6 damage)
             ... on level 6 of the Dungeon.
             The game lasted 00:18:29 (3609 turns).

omnomnOMINOUS the Conjurer (Octopode Wanderer)      Turns: 3609, Time: 00:18:31

Health: -2/49      AC:  5    Str: 11    XL:     7   Next: 83%
Magic:  11/11      EV: 16    Int: 21    God:    Jiyva [*****.]
Gold:   243        SH:  0    Dex: 23    Spells: 9/12 levels left

rFire   + . .      SeeInvis .   b - +0 dagger (venom)
rCold   . . .      Faith    .   (no shield)
rNeg    . . .      Spirit   .   c - +0 hat
rPois   .          Reflect  .   (no amulet)
rElec   .          Harm     .   o - +4 ring of protection
rCorr   +          Rampage  .   k - +6 ring of dexterity
Will    .....      Clarity  +   A - +6 ring of intelligence
Stlth   ++++......              (no ring)
HPRegen 1.60/turn               (no ring)
MPRegen 0.57/turn               (no ring)
                                (no ring)
                                (no ring)

@: no status effects
A: almost no armour, amphibious, 8 rings, camouflage 1, gelatinous body 1,
(nimble swimmer 1), tentacles, agile 2, clarity, fire resistance 1, jelly
absorbing missiles, engulf
a: Renounce Religion, Oozemancy, Slimify


You were on level 6 of the Dungeon.
You worshipped Jiyva.
Jiyva was extremely pleased with you.
You visited 1 branch of the dungeon, and saw 7 of its levels.

You collected 243 gold pieces.

Inventory:

Hand Weapons
 a - a +0 short sword of speed
 b - a +0 dagger of venom (weapon)
 q - a +0 dagger
Armour
 c - a +0 hat (worn)
Jewellery
 g - a ring of resist corrosion
 k - a +6 ring of dexterity (right tentacle)
 o - a +4 ring of protection (left tentacle)
 A - a +6 ring of intelligence (on tentacle)
Wands
 y - a wand of iceblast (12)
Scrolls
 d - 8 scrolls of identify {unknown}
 e - a scroll of vulnerability
 h - 3 scrolls of magic mapping {unknown}
 j - 2 scrolls of enchant armour {unknown}
 m - 2 scrolls of immolation {unknown}
 n - a scroll of fog {unknown}
 p - a scroll of poison {unknown}
 r - 2 scrolls of teleportation {unknown}
 s - 2 scrolls of enchant weapon {unknown}
 u - a scroll of fear {unknown}
Potions
 f - a potion of attraction {unknown}
 i - 6 potions of curing
 t - a potion of might
 v - a potion of flight {unknown}
 w - 2 potions of invisibility {unknown}
 z - a potion of mutation {unknown}
Miscellaneous
 x - a piece from Xom's chessboard (15/15)


   Skills:
 + Level 4.4 Fighting
 + Level 4.4 Dodging
 - Level 2.6 Stealth
 - Level 3.0 Spellcasting
 + Level 5.5 Conjurations
 - Level 2.0 Air Magic
 - Level 2.4 Poison Magic


You had 9 spell levels left.
You knew the following spells:

 Your Spells              Type           Power      Damage    Failure   Level
a - Shock                 Conj/Air       76%        1d7       2%          1
b - Blink                 Tloc           6%         N/A       21%         2

Your spell library contained the following spells:

 Spells                   Type           Power      Damage    Failure   Level
 Static Discharge         Conj/Air       19%        N/A       4%          2
 Sting                    Tmut/Pois      32%        1d4       9%          1
 Poisonous Vapours        Pois/Air       24%        N/A       9%          2
 Corpse Rot               Necr/Air       14%        N/A       13%         2
 Conjure Flame            Conj/Fire      14%        6-21      13%         3
 Spider Form              Tmut/Pois      8%         N/A       24%         3
 Inner Flame              Hex/Fire       3%         N/A       36%         3
 Fulminant Prism          Conj/Hex       7%         3d7       38%         4
 Fireball                 Conj/Fire      7%         3d5       75%         5
 Manifold Assault         Tloc           3%         N/A       98%         5
 Starburst                Conj/Fire      7%         6d4       100%        6
 Spellforged Servitor     Conj/Summ      7%         N/A       100%        7
 Storm Form               Tmut/Air       3%         N/A       100%        7
 Ignition                 Fire           1%         3d3       100%        8


Dungeon Overview and Level Annotations

Branches:
Dungeon (7/15)
 Temple: D:4-7

Altars:
Xom
Jiyva

Annotations:
D:5 exclusion: black bear


Innate Abilities, Weirdness & Mutations

You cannot wear most types of armour.
You are amphibious.
You can wear up to eight rings at the same time.
Your skin changes colour to match your surroundings (Stealth+).
Your rubbery body absorbs attacks. (AC +1, EV +1)
((You are camouflaged when in or above water. (Stealth+)))
You have tentacles for arms and can constrict up to eight enemies at once.
You are very agile. (Dex +4)
You possess an exceptional clarity of mind.
Your flesh is heat resistant. (rF+)
You have a small jelly attached to you that may absorb projectiles.
Your melee attacks may engulf your foes in ooze.


Message History

Casting: Shock (safe; 2% risk of failure)
Confirm with . or Enter, or press ? or * to list all spells.
Aiming: Shock (safe; 2% risk of failure)
Press: ? - help, Shift-Dir - straight line, f/p - troll
Aim: a troll (lightly wounded, 71% to hit)
The zap hits the troll.
The troll is moderately wounded.
You hit the troll.
The troll is moderately wounded.
The troll bites you! The troll completely misses you. The troll claws you.
You hit the troll.
The troll is poisoned.
You squeeze the troll, but do no damage.
The troll is moderately wounded.
The troll bites you. The troll claws you but does no damage.
The troll claws you.
You closely miss the troll.
You squeeze the troll, but do no damage.
The troll is moderately wounded.
The troll bites you. The troll claws you! x2
You completely miss the troll. You squeeze the troll!
The troll is heavily wounded.
The troll bites you but does no damage. The troll claws you.
* * * LOW HITPOINT WARNING * * *
The troll claws you!
* * * LOW HITPOINT WARNING * * *
You feel much better. The troll closely misses you. x3
You hit the troll. Your squeeze misses the troll.
The troll is heavily wounded.
The troll completely misses you. The troll barely misses you.
The troll misses you.
You hit the troll.
The troll is heavily wounded.
The troll closely misses you. The troll claws you! The troll claws you.
You hit the troll but do no damage.
The troll is heavily wounded.
The troll bites you! The troll claws you!
* * * LOW HITPOINT WARNING * * *
You shudder from the blow and a jelly pops out!
The troll claws you.
You die...

#...##
#....###### .
#.#'##≈≈... ..
#.#.#≈S?P≈. #.
..#.#S.≈P.. #≈
###≈#S≈(P≈.
#≈# #≈##≈(:P.
#J≈
##≈########
#T##
##≈##≈.(≈.
#.@# #.#≈≈$.P.
+#.# #.#S.....
#.# #.#SS≈PP.
#≈# #)##≈≈$..
##≈#
##≈########≈##
##≈≈≈≈≈..†##
##########


You could see a troll (poisoned, ally target) and a friendly acid blob
(summoned).

Vanquished Creatures
  A shadow (D:6)
  A steam dragon (D:6)
  2 ogres (D:6)
  A howler monkey (D:5)
  2 orc priests
  An iguana (D:6)
  2 orc wizards
  8 adders
  A white imp (D:6)
  An ufetubus (D:5)
  3 worms
  3 dart slugs
  11 orcs
  7 ball pythons
  A giant cockroach (D:1)
  6 goblins
  2 hobgoblins
  4 jackals (D:1)
  6 kobolds
  2 quokkas
  3 bats
  3 frilled lizards
  10 rats
81 creatures vanquished.

Vanquished Creatures (others)
  8 jellies
  2 orcs (D:4)
  An endoplasm (D:4)
  A goblin (D:1)
  A hobgoblin (D:1)
  A quokka (D:2)
  A frilled lizard (D:1)
  2 kobolds
  A rat (D:1)
  3 fungi (D:1)
  4 plants
25 creatures vanquished.

Grand Total: 106 creatures vanquished

Notes
Turn   | Place    | Note
-------+----------+-------------------------------------------
     0 | D:1      | omnomnOMINOUS the Octopode Wanderer began the quest for the
                  | Orb.
     0 | D:1      | omnomnOMINOUS set off with the following items: a +0
                  | dagger, a scroll of vulnerability, a +0 hat; and the
                  | following spells available to memorise: Shock, Sting,
                  | Static Discharge, Conjure Flame, Spider Form
     0 | D:1      | Reached XP level 1. HP: 11/11 MP: 4/4
     5 | D:1      | Learned a level 1 spell: Shock
   123 | D:1      | Reached XP level 2. HP: 18/18 MP: 6/6
   176 | D:1      | Found a faded altar of an unknown god.
   179 | D:1      | Prayed at the altar of an unknown god.
   179 | D:1      | Became a worshipper of Jiyva Jaciom the Shapeless
   179 | D:1      | Reached * piety under Jiyva
   310 | D:1      | Reached skill level 1 in Dodging
   311 | D:1      | Reached skill level 1 in Air Magic
   346 | D:1      | Learned a level 2 spell: Blink
   448 | D:1      | Reached skill level 1 in Fighting
   454 | D:1      | Reached XP level 3. HP: 15/23 MP: 3/7
   554 | D:1      | Reached ** piety under Jiyva
   800 | D:2      | Reached XP level 4. HP: 28/28 MP: 5/8
  1362 | D:3      | Reached *** piety under Jiyva
  1641 | D:3      | Reached XP level 5. HP: 34/34 MP: 6/9
  1754 | D:3      | Gained mutation: You have a small jelly attached to you
                  | that may absorb projectiles. [Jiyva's grace]
  1754 | D:3      | Gained mutation: Your flesh is heat resistant. (rF+)
                  | [Jiyva's grace]
  1754 | D:3      | Gained mutation: Your flesh is very heat resistant. (rF++)
                  | [Jiyva's grace]
  1754 | D:3      | Gained mutation: Your flesh is almost immune to the effects
                  | of heat. (rF+++) [Jiyva's grace]
  1985 | D:4      | Got Coga's Reference Book on the Harmful Volcanoes
  2117 | D:4      | Reached skill level 4 in Conjurations
  2121 | D:4      | Reached **** piety under Jiyva
  2418 | D:5      | Entered Level 5 of the Dungeon
  2521 | D:5      | Noticed an ice beast
  2595 | D:5      | Noticed an ice beast
  2596 | D:5      | Reached XP level 6. HP: 41/41 MP: 10/10
  2717 | D:5      | Reached ***** piety under Jiyva
  2993 | D:5      | Noticed a black bear
  3271 | D:6      | Noticed a steam dragon
  3277 | D:6      | Killed a steam dragon
  3296 | D:6      | Found a shimmering altar of Xom.
  3350 | D:6      | Reached XP level 7. HP: 40/47 MP: 11/11
  3477 | D:6      | Lost mutation: Your flesh is almost immune to the effects
                  | of heat. (rF+++) [Jiyva's grace]
  3477 | D:6      | Lost mutation: Your flesh is very heat resistant. (rF++)
                  | [Jiyva's grace]
  3477 | D:6      | Gained mutation: Your melee attacks may engulf your foes in
                  | ooze. [Jiyva's grace]
  3477 | D:6      | Gained mutation: You are agile. (Dex +2) [Jiyva's grace]
  3477 | D:6      | Gained mutation: You are very agile. (Dex +4) [Jiyva's
                  | grace]
  3477 | D:6      | Gained mutation: You possess an exceptional clarity of
                  | mind. [Jiyva's grace]
  3526 | D:6      | Noticed a shadow
  3566 | D:6      | Killed a shadow
  3567 | D:6      | Reached skill level 5 in Conjurations
  3596 | D:6      | Noticed a troll
  3609 | D:6      | Slain by a troll

Illustrated notes

Levels and vault maps discovered:
D:1:      lemuel_arrival_room, layout_loops_cross,
          shapermc_ecumenical_altar_mp_urbaneastern, hangedman_decor_lopped,
          minmay_pentomino_w2
D:2:      layout_loops_ring
D:3:      layout_rooms, chequers_avenue
D:4:      layout_loops_cross, kennysheep_cross_bottleneck
D:5:      layout_basic, minmay_crystal_room, minmay_misc_feat_enclosed,
          nicolae_concentric_dashed_squares_mild
D:6:      cheibrodos_two_vegetables, layout_basic, xom_butterflies,
          minmay_temple_entry_overgrown
D:7:      layout_loops_corners, serial_shops, nicolae_shop_advertising_works
          [nicolae_subvault_shop_adworks]

Skill      XL: |  1  2  3  4  5  6  7 |
---------------+----------------------+-----
Dodging        | 1 2 3 4 |  4.4
Air Magic      | 1 2 |  2.0
Fighting       | 1 2 3 4 |  4.4
Conjurations   | 4 5 |  5.5
Stealth        | |  2.6
Spellcasting   | |  3.0
Poison Magic   | |  2.4

Action                   |  1- 3 |  4- 6 |  7- 9 || total
-------------------------+-------+-------+-------++-------
Melee: Dagger            |     4 |    58 |    21 ||    83
       Constrict         |     4 |    20 |     1 ||    25
       Short sword       |    30 |    25 |       ||    55
       Tentacles         |     2 |    16 |     6 ||    24
       Punch             |       |     2 |       ||     2
 Cast: Shock             |    17 |    34 |     5 ||    56
  Use: Potion            |       |       |     4 ||     4
 Stab: Sleeping          |     8 |    13 |     2 ||    23
Armor: Skin              |     3 |    12 |     5 ||    20
Dodge: Dodged            |    22 |    38 |    18 ||    78

Table legend: (Time is in decaauts)
 A = Elapsed time spent in this place.
 B = Non-inter-level travel time spent in this place.
 C = Inter-level travel time spent in this place.
 D = Time resting spent in this place.
 E = Time spent auto-exploring this place.
 F = Levels seen in this place.
 G = Mean time per level.
                   A        B        C        D        E       F      G
               +--------+--------+--------+--------+--------+-----+--------+
         Total |   3590 |   3411 |    179 |     45 |   2452 |   7 |  512.9 |
       Dungeon |   3590 |   3411 |    179 |     45 |   2452 |   7 |  512.9 |
               +--------+--------+--------+--------+--------+-----+--------+

Top non-repeatable levels by time:
     D:5: 852 daAuts
     D:1: 690 daAuts
     D:2: 648 daAuts
     D:4: 590 daAuts
     D:3: 470 daAuts
     D:6: 335 daAuts
     D:7: 1 daAuts
